 Dungeon Crawl Stone Soup version 0.29-a0-234-g0dae59b3db (webtiles) character file.

Game seed: 13145673844074198817

300861 spaghetti the Marksdemigod (level 19, 0/169 (171) HPs)
             Began as a Demigod Hunter on Mar 2, 2022.
             Slain by a vault warden
             ... wielding a +2 vorpal great mace
              (24 damage)
             ... on level 3 of the Vaults.
             The game lasted 02:08:28 (58481 turns).

spaghetti the Marksdemigod (Demigod Hunter)        Turns: 58481, Time: 02:08:28

HP:   0/169 (171)   AC: 18    Str: 20    XL:     19   Next: 40%
MP:   23/36         EV: 42    Int: 13    God:
Gold: 1452          SH:  4    Dex: 45    Spells: 7/34 levels left

rFire   . . .      SeeInvis +   R - +8 longbow (chaos) {bow}
rCold   . . .      Faith    .   (shield currently unavailable)
rNeg    . . .      Spirit   .   I - +0 leather armour "Buq Pie" {Contam *Corrode Str+2 Dex+9}
rPois   .          Reflect  .   i - +2 hat
rElec   .          Harm     .   m - +2 cloak
rCorr   .          Rampage  .   j - +2 pair of gloves {Stlth+}
Will    +....      Rage     1%  o - +2 pair of boots
Stlth   ++++......              W - amulet of Gaphasyaqo {Regen+ Str-3 Slay+2 SInv}
HPRegen 1.18/turn               b - +6 ring of dexterity
MPRegen 0.25/turn               h - +4 ring of protection

@: swift, death channelling, lightly drained, unable to read, very quick
A: high MP 1, forlorn, divine attributes, large bone plates 1, berserk 1, robust
1, [inability to read while threatened]
}: 2/15 runes: decaying, serpentine
a: no special abilities


You were on level 3 of the Vaults.
You visited 7 branches of the dungeon, and saw 37 of its levels.
You visited the Abyss 1 time.
You also visited: Ice Cave.

You collected 4758 gold pieces.
You spent 3306 gold pieces at shops.


Innate Abilities, Weirdness & Mutations

You have an increased reservoir of magic. (+10% MP)
You shall have no god before yourself.
Your divine heritage dramatically boosts your attributes as you level up.
You are partially covered in large bone plates. (SH +4)
You tend to lose your temper in combat.
You are robust. (+10% HP)
[You sometimes lose the ability to read scrolls when taking damage.]


   Skills:
 + Level 10.4 Fighting
 - Level 20.0 Bows
 + Level 17.7 Dodging
 - Level 0.8 Stealth
 - Level 8.0 Spellcasting
 - Level 7.0 Hexes
 - Level 15.2 Necromancy
 - Level 7.0 Translocations
 - Level 5.0 Air Magic


You had 7 spell levels left.
You knew the following spells:

 Your Spells              Type           Power      Damage    Failure   Level
a - Swiftness             Air            18%        N/A       6%          3
b - Portal Projectile     Hex/Tloc       46%        N/A       2%          3
c - Animate Dead          Necr           22%        N/A       1%          4
d - Death Channel         Necr           22%        N/A       4%          6
e - Dispel Undead         Necr           44%        3d17      1%          4
f - Blink                 Tloc           46%        N/A       1%          2
g - Borgnjor's Vile Clut  Necr/Erth      12%        N/A       21%         5

Your spell library contained the following spells:

 Spells                   Type           Power      Damage    Failure   Level
 Pain                     Necr           100%       1d9       1%          1
 Corpse Rot               Necr/Air       62%        N/A       1%          2
 Anguish                  Hex/Necr       17%        N/A       1%          4
 Agony                    Necr           44%        N/A       1%          5
 Excruciating Wounds      Necr           22%        N/A       1%          5
 Lesser Beckoning         Tloc           23%        N/A       2%          3
 Tukima's Dance           Hex            23%        N/A       2%          3
 Shock                    Conj/Air       44%        1d5       6%          1
 Ensorcelled Hibernation  Hex/Ice        28%        N/A       6%          2
 Poisonous Vapours        Pois/Air       22%        N/A       9%          2
 Beastly Appendage        Tmut           10%        N/A       16%         1
 Freeze                   Ice            20%        1d4       16%         1
 Magic Dart               Conj           20%        1d4       16%         1
 Sandblast                Erth           10%        2d5       16%         1
 Airstrike                Air            9%         N/A       21%         4
 Passwall                 Tmut/Erth      4%         N/A       24%         2
 Searing Ray              Conj           10%        2d4       24%         2
 Wereblood                Tmut           5%         N/A       24%         2
 Manifold Assault         Tloc           23%        N/A       26%         5
 Fulminant Prism          Conj/Hex       7%         3d7       36%         4
 Leda's Liquefaction      Hex/Erth       7%         N/A       36%         4
 Call Canine Familiar     Summ           5%         N/A       43%         3
 Frozen Ramparts          Ice            10%        1d3       43%         3
 Ozocubu's Armour         Ice            5%         N/A       43%         3
 Spider Form              Tmut/Pois      5%         N/A       43%         3
 Stone Arrow              Conj/Erth      10%        3d7       43%         3
 Metabolic Englaciation   Hex/Ice        7%         N/A       71%         5
 Simulacrum               Ice/Necr       12%        N/A       73%         6
 Animate Armour           Summ/Erth      10%        N/A       85%         4
 Hailstorm                Conj/Ice       5%         3d4       85%         4
 Freezing Cloud           Conj/Ice/Air   4%         6-21      93%         5
 Alistair's Intoxication  Tmut/Pois      3%         N/A       99%         5
 Blade Hands              Tmut           2%         N/A       99%         5
 Fireball                 Conj/Fire      2%         3d4       99%         5
 Iskenderun's Battlesphe  Conj           5%         2d6       99%         5
 Conjure Ball Lightning   Conj/Air       5%         3x3d6     100%        6
 Eringya's Noxious Bog    Tmut/Pois      2%         N/A       100%        6
 Iron Shot                Conj/Erth      2%         9d2       100%        6
 Starburst                Conj/Fire      2%         6d3       100%        6
 Enfeeble                 Hex            11%        N/A       100%        7
 Orb of Destruction       Conj           2%         9d5       100%        7
 Spellforged Servitor     Conj/Summ      2%         N/A       100%        7
 Discord                  Hex            11%        N/A       100%        8
 Disjunction              Tloc           11%        N/A       100%        8
 Ignition                 Fire           2%         3d3       100%        8
 Polar Vortex             Ice            2%         N/A       100%        9

Inventory:

Hand Weapons
 g - the +10 zealot's sword {holy, *Rage rN+ EV+3}
   (You took it off a deep elf sorcerer on level 3 of the Elven Halls)

   It has been blessed by the Shining One to cause great damage to the undead
   and demons.
   Whenever the wielder enters a berserk rage, their allies are berserked
   alongside them.
   EV:        It affects your evasion (+3).
   rN:        It protects you from negative energy.
   *Rage:     It berserks you when you make melee attacks (+20% chance).
 M - a +0 executioner's axe {axerare=g}
   (You found it on level 3 of the Swamp)
 R - a +8 longbow of chaos (weapon) {bow}
   (You took it off a deep elf archer on level 13 of the Dungeon)
 S - a +6 antimagic demon whip {mace}
   (You took it off Mara on level 3 of the Snake Pit)
Missiles
 G - a throwing net {=f!fthrowing}
 O - 10 stones {throwing}
 X - 8 curare-tipped darts {=fthrowing}
Armour
 i - a +2 hat (worn)
   (You found it on level 3 of the Dungeon)
 j - a +2 pair of gloves of stealth (worn)
   (You found it on level 3 of the Snake Pit)
 m - a +2 cloak (worn)
   (You found it on level 4 of the Dungeon)
 o - a +2 pair of boots (worn)
   (You found it on level 1 of the Snake Pit)
 I - the +0 leather armour "Buq Pie" (worn) {Contam *Corrode Str+2 Dex+9}
   (You found it on level 3 of the Lair of Beasts)

   Str:       It affects your strength (+2).
   Dex:       It affects your dexterity (+9).
   Contam:    It causes magical contamination when unequipped.
   *Corrode:  It may corrode you when you take damage.
 N - the +1 storm dragon scales of Haunted Brilliance {rElec rN+ Stlth+, rare}
   (You bought it in a shop on level 2 of the Vaults)

   rElec:     It insulates you from electricity.
   rN:        It protects you from negative energy.
   Stlth:     It makes you more stealthy.
Jewellery
 a - a ring of willpower
   (You took it off a deep elf annihilator on level 3 of the Elven Halls)
 b - a +6 ring of dexterity (left hand)
   (You found it on level 15 of the Dungeon)
 f - an amulet of guardian spirit
   (You found it on level 11 of the Dungeon)
 h - a +4 ring of protection (right hand)
   (You took it off a deep elf master archer on level 3 of the Elven Halls)
 r - a ring of protection from fire
   (You found it on level 3 of the Snake Pit)
 v - a +6 ring of dexterity
   (You found it on level 15 of the Dungeon)
 F - a ring of flight
   (You found it on level 2 of the Swamp)
 K - a ring of protection from fire
   (You found it in an ice cave)
 L - a ring of resist corrosion
   (You found it in an ice cave)
 T - a ring of protection from cold
   (You found it on level 5 of the Lair of Beasts)
 U - a ring of ice
   (You found it on level 3 of the Snake Pit)
 W - the amulet of Gaphasyaqo (around neck) {Regen+ Str-3 Slay+2 SInv}
   (You bought it in a shop on level 13 of the Dungeon)

   [amulet of regeneration]

   Str:       It affects your strength (-3).
   Slay:      It affects your accuracy & damage with ranged weapons and melee
   (+2).
   SInv:      It lets you see invisible.
   Regen:     It increases your rate of health regeneration.
Wands
 t - a wand of paralysis (4)
   (You found it on level 2 of the Vaults)
Scrolls
 c - a scroll of silence {!r}
 d - 4 scrolls of blinking {!r}
 k - 12 scrolls of teleportation {@r4}
 q - 3 scrolls of fear
 u - 2 scrolls of holy word
 w - 8 scrolls of fog
 y - 22 scrolls of identify {@r1}
 z - 6 scrolls of vulnerability {!r!r}
 A - 6 scrolls of magic mapping {!r}
 C - 6 scrolls of immolation {!r!r}
 D - 5 scrolls of enchant armour
Potions
 p - a potion of curing {@q1}
 s - a potion of berserk rage {!q}
 x - 5 potions of mutation {!q}
 B - 4 potions of flight
 E - 2 potions of attraction {!q}
 H - a potion of might
 J - 5 potions of cancellation
 P - a potion of brilliance
 Q - 2 potions of magic
 V - a potion of lignification {!q}
Miscellaneous
 n - a phantom mirror
   (You found it on level 3 of the Snake Pit)

Dungeon Overview and Level Annotations

Branches:
Dungeon (15/15)            Temple (0/1) D:4            Lair (6/6) D:11
  Swamp (4/4) Lair:4        Snake (4/4) Lair:3        Slime (0/5) Lair:6
    Orc (2/2) D:11            Elf (3/3) Orc:2        Vaults (3/5) D:13
  Crypt (0/3) Vaults:2     Depths (0/4) D:15          IceCv (visited)

Shops:
D:9 :   D:13 =   Orc:2 ([=:   Elf:1 ?   Elf:2 (   Elf:3 (   Swamp:2 *
Snake:3 =*   Vaults:2 [

Portals:
Abyss: Lair:6

Annotations:
D:6 3 runed translucent doors, jejorda2's ghost, novice TeHu
Snake:4 1 runed translucent door, FizzleBang's ghost, adept OpDe
Elf:2 6 runed translucent doors, drugrobin's ghost, adept DgWr

#.. ## #..##
#.. #. .. .#
#.. #.. #....##
#.. #...
##......# #..
#...##..#p.#.O
#..
#......p.....ยง
#..
#....ppppp....
#.. #@p#..#.
#.. ##pO....#
#.. #ยง...##
#.. ....# #..
#[.## #.. [)#
#..
#+##########..
#.##.#........
##..##........


You could see 2 ironbound preservers, a vault warden (sheltered, drained), an
ironbound thunderhulk (fast, strong, sheltered), an ironbound frostheart
(strong, sheltered), an ogre mage (invisible), a vault sentinel (sheltered,
catching breath), 3 ironbound convokers and a wizard (sheltered).


Message History

The ironbound frostheart calls freezing cold from the walls.
The frost grips you!
* * * LOW HITPOINT WARNING * * *
You are encased in ice. ๐Ÿ˜จ HP[-18] MP[-6]
You take 18 damage, and now have 84/169 hp.
You lost 6 mp, and now have 24/36 mp.
Unknown command.
Unknown command.
Unknown command.
Unknown command.
Shoot: R) +8 longbow (chaos) {bow}
Press: ? - help, Q - select action, (/) - cycle Shift-Dir - straight line, f/p - vault warden
Aim: a vault warden, wielding a +2 vorpal great mace and wearing a +1 plate armour of cold resistance (heavily wounded, sheltered from injuries, lightly drained, 82% to hit)
You shoot an arrow. The arrow hits the vault warden!
The arrow burns the vault warden.
You block the ironbound preserver's attack.
An ironbound convoker comes into view. It is wielding a +0 mace.
The ogre mage completely misses you.
The ironbound convoker hits you with a +0 great mace!
* * * LOW HITPOINT WARNING * * *
The wizard completely misses you.
The ironbound convoker casts a spell at the ironbound frostheart.
The ironbound frostheart seems to grow stronger.
You block the vault warden's attack. ๐Ÿ˜จ HP[-16] MP[+1]
You take 16 damage, and now have 68/169 hp.
Unknown command.
Unknown command.
You cannot read scrolls in your current state!
Unknown command.
You feel much better.
The ironbound frostheart calls freezing cold from the walls.
The frost grips you!!
* * * LOW HITPOINT WARNING * * *
The ironbound preserver completely misses you.
The ogre mage completely misses you.
The vault warden hits you with a +2 vorpal great mace!
* * * LOW HITPOINT WARNING * * *
x2 The wizard closely misses you.
The ironbound convoker barely misses you. ๐Ÿ˜จ HP[-19]
You take 19 damage, and now have 49/169 hp.
Unknown command.
You cannot read scrolls in your current state!
You feel much better.
The vault sentinel blows a loud note on a signal horn!
The ironbound preserver hits you with a +0 great mace!
* * * LOW HITPOINT WARNING * * *
The ogre mage points at the ironbound thunderhulk and mumbles some strange words.
The ironbound thunderhulk seems to speed up.
The vault warden completely misses you.
The ironbound convoker completely misses you. ๐Ÿ˜จ HP[+17]
You regained 17 hp, and now have 66/169 hp.
Unknown command.
Unknown command.
Unknown command.
Unknown command.
Shoot: R) +8 longbow (chaos) {bow}
Press: ? - help, Q - select action, (/) - cycle Shift-Dir - straight line, f/p - vault warden
Aim: a vault warden, wielding a +2 vorpal great mace and wearing a +1 plate armour of cold resistance (heavily wounded, sheltered from injuries, lightly drained, 82% to hit)
You shoot an arrow. The arrow hits the vault warden.
The ice encasing you melts away.
The ironbound preserver hits you with a +0 great mace!!
* * * LOW HITPOINT WARNING * * *
The ogre mage completely misses you.
Strange energies crackle from the ironbound thunderhulk's apparatus.
The ironbound thunderhulk blinks! ๐Ÿ˜จ HP[-21]
You take 21 damage, and now have 45/169 hp.
Unknown command.
Unknown command.
You cannot read scrolls in your current state!
Unknown command.
Okay, then.
Casting: Death Channel (dangerous; 4% risk of failure)
Confirm with . or Enter, or press ? or * to list all spells.
You feel quick. The vault warden barely misses you.
The ironbound convoker completely misses you.
The ironbound frostheart closely misses you.
The ironbound preserver hits you with a +0 great mace!!
* * * LOW HITPOINT WARNING * * *
Strange energies crackle from the ironbound thunderhulk's apparatus.
The ironbound thunderhulk blinks!
The ogre mage closely misses you. ๐Ÿ˜ฑ HP[-23] MP[-2]
You take 23 damage, and now have 22/169 hp.
You lost 2 mp, and now have 23/36 mp.
Unknown command.
Really attack while wielding your +8 longbow of chaos {bow}?
Okay, then.
Unknown command.
You cannot read scrolls in your current state!
Unknown command.
You feel much better.
Electricity crackles from the ironbound thunderhulk's apparatus.
The bolt of lightning hits you!
* * * LOW HITPOINT WARNING * * *
The vault warden hits you with a +2 vorpal great mace!!
You die...

Skill      XL: |  1  2  3  4  5  6  7  8  9 10 11 12 13 14 15 16 17 18 19 |
---------------+----------------------------------------------------------+-----
Bows           | 4 5 6 7 8 10 12 14 16 17 18 20 | 20.0
Dodging        | 3 10 11 12 16 17 | 17.7
Air Magic      | 5 |  5.0
Spellcasting   | 3 5 8 |  8.0
Hexes          | 3 7 |  7.0
Translocations | 3 7 |  7.0
Necromancy     | 5 8 11 14 15 | 15.2
Fighting       | 5 10 | 10.4
Stealth        | |  0.8

Action                   |  1- 3 |  4- 6 |  7- 9 | 10-12 | 13-15 | 16-18 | 19-21 || total
-------------------------+-------+-------+-------+-------+-------+-------+-------++-------
Melee: Dagger            |       |    19 |   284 |    33 |       |       |       ||   336
       Punch             |       |     1 |     5 |     1 |       |       |       ||     7
       Shortbow          |       |       |     1 |       |       |       |       ||     1
       Unarmed           |       |       |       |     1 |       |       |       ||     1
       Whip              |       |       |       |    36 |    26 |       |       ||    62
 Fire: Shortbow          |   109 |   152 |   196 |   960 |  1439 |       |       ||  2856
       Longbow           |       |       |       |       |   500 |  1587 |   639 ||  2726
 Cast: Swiftness         |       |       |       |     1 |    10 |     7 |     1 ||    19
       Portal Projectile |       |       |       |       |     9 |    63 |     8 ||    80
       Animate Dead      |       |       |       |       |     1 |    38 |    14 ||    53
       Death Channel     |       |       |       |       |       |    12 |    12 ||    24
       Blink             |       |       |       |       |       |       |     1 ||     1
Evoke: Wand              |       |       |     3 |     2 |     1 |       |       ||     6
  Use: Scroll            |     2 |     6 |     4 |     7 |    21 |    17 |     4 ||    61
       Potion            |       |       |    14 |     5 |    12 |     7 |     7 ||    45
Armor: Leather armour    |    12 |    31 |   121 |     4 |    39 |    55 |    31 ||   293
       Skin              |       |       |    13 |       |       |       |       ||    13
       Steam dragon scal |       |       |       |    68 |       |       |       ||    68
       Fire dragon scale |       |       |       |       |     3 |       |       ||     3
Dodge: Dodged            |    36 |    37 |   156 |   241 |   552 |   601 |   415 ||  2038
Block: Other             |       |       |    59 |   121 |   229 |    85 |    54 ||   548
       Reflection        |       |       |     5 |     9 |    19 |       |       ||    33

Levels and vault maps discovered:
D:1:      dpeg_arrival_three_smaller_balls, layout_basic
D:2:      layout_rooms, uniq_terence, uniq_robin
D:3:      layout_loops_ring, serial_rivers, chequers_serial_rivers_micro_e,
          chequers_serial_rivers_micro_a, chequers_serial_rivers_micro_b,
          chequers_serial_rivers_small_a, kennysheep_generic_room_8
D:4:      cheibrodos_pilgrimage, layout_basic, minmay_temple_entry_poolview,
          uniq_natasha
D:5:      layout_loops_ring
D:6:      layout_rooms, biasface_ghost_orc_armoury
D:7:      layout_basic, dk_noncrumbling_4, uniq_joseph, uniq_duvessa
D:8:      layout_loops_ring, minmay_chambers_of_fives
D:9:      layout_basic, serial_shops, nicolae_shop_waterfront, uniq_pikel
D:10:     layout_loops_ring, nicolae_kikubaaqudgha_miasma_corner,
          grunt_ministairs_7
D:11:     layout_irregular_city, lair_entry_dummy, orc_0_dummy,
          nicolae_qazlal_style_of_elements
D:12:     layout_basic, xom_teletrap_fun
D:13:     layout_loops_ring, grunt_vaults_entry_fortified,
          ebering_ghost_reflecting_pool, serial_shops, shop, uniq_rupert,
          uniq_jorgrun
D:14:     layout_cross, nicolae_elevator_lobby_asterisk,
          nicolae_gozag_seed_capital, uniq_snorg
D:15:     grunt_enter_depths_hoard, layout_loops_corners, minmay_misc_feat_doors
Lair:1:   layout_gridlike, grunt_megastairs_5, serial_bayou_shore_a
Lair:2:   layout_loops_ring, mumra_transporter_accident
Lair:3:   layout_layer_cave, minmay_snake_entry_guardpost_medium,
          serial_bayou_shore_b
Lair:4:   layout_loops_ring, minmay_swamp_entry_swarm, grunt_megastairs_3
Lair:5:   layout_roguey, lemuel_centaur_altar, grunt_megastairs_4
Lair:6:   hellmonk_lair_end_abyssal_woods, layout_layer_cave,
          nicolae_slime_entry_slimehenge, minivault_19,
          cheibrodos_lair_lostbears, infiniplex_staircase_pool
Swamp:1:  layout_basic_swamp, nicolae_swamp_little_tower, swamp_pool5,
          nicolae_swamp_drake_lake, uniq_aizul, uniq_mlioglotl
Swamp:2:  layout_falls_marsh, evilmike_swamp_ruin_house_4, swamp_pool1,
          nicolae_island_escapes
Swamp:3:  nicolae_swamp_flooded_prison, layout_basic_swamp,
          nicolae_swamp_stair_fork
Swamp:4:  swamp_fiery, layout_basic_swamp, infiniplex_staircase_pool_2
Snake:1:  layout_rooms
Snake:2:  layout_gridlike
Snake:3:  layout_onion, gammafunk_ghost_split, hangedman_snake_corridor_split,
          minmay_shoptagon, uniq_mara
Snake:4:  snake_pit, layout_cave_town, ebering_ghost_inner_flame
Orc:1:    layout_diamond_mine, serial_shops, shop, uniq_josephine, uniq_erica,
          uniq_fannar
Orc:2:    grunt_orc_community_town_hall, layout_diamond_mine,
          grunt_orc_community_big_house_2, grunt_orc_community_big_house_2,
          grunt_orc_community_house_2, grunt_orc_community_house_3,
          grunt_orc_community_house_1, grunt_orc_community_house_2,
          grunt_orc_community_house_3, grunt_orc_community_house_1,
          portal_ice_cave_demonic_guard, basic_altar, nooodl_orcs_dogs
Elf:1:    elf_arrival_001, layout_loops_ring, serial_shops,
          nicolae_lakefront_shop, hangedman_elven_crosses_minicolossus
Elf:2:    nicolae_elf_blades_splatter_lattice [nooodl_blade_entry_preview],
          layout_gridlike, ebering_ghost_rock_garden, serial_shops,
          nicolae_square_shop, serial_sigils_hangedman_confine
Elf:3:    minmay_elf_hall_quartered_circle, layout_gridlike, serial_shops, shop
Vaults:1: vaults_dpeg_hooks, vaults_standard_mumra_lines,
          vaults_room_stairs_pillars, ontoclasm_vaults_gateway,
          vaults_dpeg_cross, vaults_mumra_hexcomb, nicolae_vaults_rhombus_7,
          vaults_room_door_hall, v_rooms_2, v_alt_pattern_3,
          ontoclasm_vaults_shuriken, vaults_room_hangedman_quadrants,
          layout_vaults_ring
Vaults:2: nicolae_vaults_little_squares_4, nicolae_vaults_little_squares_2,
          minmay_crypt_entry_nasty_monster, nicolae_vaults_bisected_exclaves,
          nicolae_vaults_little_squares_4, ontoclasm_vaults_ligature,
          nicolae_vaults_triangles, ontoclasm_vaults_loading_screen,
          vaults_room_pool, layout_vaults_quadrants, serial_shops,
          nicolae_shop_statue_plus
Vaults:3: st_eye, vaults_room_pools, nicolae_vaults_inception_corners,
          v_pattern_4, v_misc_3, v_rooms_5, v_misc_26, vaults_dpeg_doors,
          v_misc_27, grunt_vaults_focal, ontoclasm_vaults_misaligned,
          vaults_room_grid, nicolae_vaults_theta, vaults_dpeg_ring,
          ontoclasm_vaults_decontamination, layout_vaults_omnibox

Notes
Turn   | Place    | Note
-------+----------+-------------------------------------------
     0 | D:1      | spaghetti the Demigod Hunter began the quest for the Orb.
     0 | D:1      | Reached XP level 1. HP: 17/17 MP: 3/3
     0 | D:1      | magus.rc [v1.9.6]
   346 | D:1      | Reached skill level 4 in Bows
   381 | D:1      | Reached XP level 2. HP: 24/24 MP: 4/4
   479 | D:1      | You pick up a book of Ice and begin reading...
   479 | D:1      | You add the spells Freezing Cloud, Simulacrum and Polar
                  | Vortex to your library.
   951 | D:2      | Reached XP level 3. HP: 12/29 MP: 5/5
  1285 | D:2      | Reached skill level 5 in Bows
  1324 | D:2      | Noticed Terence
  1330 | D:2      | Killed Terence
  1331 | D:2      | Reached XP level 4. HP: 36/36 MP: 6/6
  1345 | D:2      | Noticed Robin
  1361 | D:2      | Killed Robin
  1912 | D:3      | Reached skill level 6 in Bows
  1912 | D:3      | Reached XP level 5. HP: 20/41 MP: 7/7
  3520 | D:4      | Reached skill level 7 in Bows
  3520 | D:4      | Reached XP level 6. HP: 42/48 MP: 8/8
  3570 | D:4      | Found a staircase to the Ecumenical Temple.
  3612 | D:4      | Noticed Natasha
  3615 | D:4      | Killed Natasha
  3771 | D:4      | Noticed Natasha
  3773 | D:4      | Killed Natasha
  3778 | D:4      | Noticed Natasha
  3783 | D:4      | Killed Natasha
  4253 | D:4      | Reached skill level 8 in Bows
  4253 | D:4      | Reached XP level 7. HP: 35/53 MP: 9/9
  4507 | D:5      | Entered Level 5 of the Dungeon
  4934 | D:5      | Noticed a yak
  4934 | D:5      | Noticed a yak
  4937 | D:5      | Noticed a yak
  4940 | D:5      | Noticed a yak
  4941 | D:5      | Noticed a yak
  4942 | D:5      | Noticed a yak
  4980 | D:4      | Killed a yak
  4981 | D:4      | Reached skill level 9 in Bows
  5222 | D:4      | Killed a yak
  5517 | D:5      | HP: 9/53 [sky beast (5)]
  5519 | D:5      | Gained mutation: Armour fits poorly on your strangely
                  | shaped body. [potion of mutation]
  5519 | D:5      | Gained mutation: Your muscles are strong. (Str +2) [potion
                  | of mutation]
  5519 | D:5      | Gained mutation: You are partially covered in iridescent
                  | scales. (AC +2) [potion of mutation]
  5795 | D:5      | Reached skill level 10 in Bows
  5795 | D:5      | Reached XP level 8. HP: 39/60 MP: 10/10
  6196 | D:5      | Identified a +0 robe of the Archmagi
  6253 | D:5      | Lost mutation: Armour fits poorly on your strangely shaped
                  | body. [potion of mutation]
  6253 | D:5      | Lost mutation: You are partially covered in iridescent
                  | scales. (AC +2) [potion of mutation]
  6253 | D:5      | Lost mutation: Your muscles are strong. (Str +2) [potion of
                  | mutation]
  6253 | D:5      | Gained mutation: You are clumsy. (Dex -2) [potion of
                  | mutation]
  6253 | D:5      | Gained mutation: You are occasionally teleported next to
                  | monsters. [potion of mutation]
  6253 | D:5      | Gained mutation: You have hidden genetic defects. [potion
                  | of mutation]
  6254 | D:5      | Lost mutation: You are occasionally teleported next to
                  | monsters. [potion of mutation]
  6254 | D:5      | Lost mutation: You have hidden genetic defects. [potion of
                  | mutation]
  6254 | D:5      | Gained mutation: You tend to lose your temper in combat.
                  | [potion of mutation]
  6254 | D:5      | Gained mutation: You are partially covered in large bone
                  | plates. (SH +4) [potion of mutation]
  6271 | D:5      | HP: 13/60 [yak (9)]
  6322 | D:6      | HP: 15/60 [water moccasin (4)]
  6324 | D:6      | Reached skill level 11 in Bows
  6882 | D:6      | Noticed a kobold demonologist
  6915 | D:7      | Noticed Joseph
  6923 | D:6      | Killed a kobold demonologist
  7266 | D:5      | Reached skill level 12 in Bows
  7266 | D:5      | Reached XP level 9. HP: 60/67 MP: 11/11
  8091 | D:6      | Lost mutation: You are clumsy. (Dex -2) [potion of
                  | mutation]
  8091 | D:6      | Lost mutation: You tend to lose your temper in combat.
                  | [potion of mutation]
  8091 | D:6      | Gained mutation: You are robust. (+10% HP) [potion of
                  | mutation]
  8265 | D:6      | Found a runed translucent gate.
  8266 | D:6      | Found a runed translucent gate.
  8267 | D:6      | Noticed jejorda2's ghost (novice TeHu)
  8278 | D:6      | Found a runed translucent gate.
  8467 | D:7      | HP: 16/73 [Joseph/+0 quarterstaff (4)]
  8469 | D:7      | Killed Joseph
  8470 | D:7      | Reached skill level 13 in Bows
  9012 | D:7      | Noticed Duvessa
  9018 | D:7      | Noticed Dowan
  9031 | D:7      | Killed Duvessa
  9044 | D:7      | Killed Dowan
 10133 | D:8      | Reached skill level 14 in Bows
 10397 | D:8      | Reached XP level 10. HP: 80/80 MP: 13/13
 10471 | D:8      | Noticed a two-headed ogre
 10479 | D:8      | Killed a two-headed ogre
 10481 | D:8      | Noticed a manticore
 10485 | D:8      | Noticed a manticore
 10489 | D:8      | Killed a manticore
 10537 | D:8      | Killed a manticore
 10799 | D:8      | Reached skill level 15 in Bows
 11124 | D:8      | You pick up a book of the Spheres and begin reading...
 11124 | D:8      | You add the spells Iskenderun's Battlesphere, Fireball,
                  | Conjure Ball Lightning and Orb of Destruction to your
                  | library.
 11893 | D:9      | You pick up a book of the Hunter and begin reading...
 11893 | D:9      | You add the spells Call Canine Familiar, Portal Projectile
                  | and Leda's Liquefaction to your library.
 11956 | D:8      | Identified the +0 ring mail of Impatience {rElec rPois}
 12150 | D:9      | Noticed a two-headed ogre
 12158 | D:9      | Noticed Pikel
 12159 | D:9      | Killed a two-headed ogre
 12186 | D:9      | Killed Pikel
 12187 | D:9      | Reached skill level 16 in Bows
 12187 | D:9      | Reached skill level 2 in Dodging
 12258 | D:9      | Found Yklets's Book Shoppe.
 12314 | D:9      | Reached skill level 3 in Dodging
 12326 | D:9      | Reached XP level 11. HP: 85/86 MP: 14/14
 12338 | D:9      | Reached skill level 4 in Dodging
 12745 | D:10     | Entered Level 10 of the Dungeon
 12825 | D:10     | HP: 19/86 [hornet (11)]
 12825 | D:10     | Paralysed by a hornet for 1 turns
 12825 | D:10     | Noticed a two-headed ogre
 12830 | D:9      | HP: 10/86 [poisoned by a hornet]
 13226 | D:10     | Killed a two-headed ogre
 13227 | D:10     | Reached skill level 5 in Dodging
 13832 | D:10     | Reached skill level 6 in Dodging
 14684 | D:11     | Found a staircase to the Orcish Mines.
 14688 | D:11     | Reached skill level 7 in Dodging
 14781 | D:11     | Noticed a four-headed hydra
 14792 | D:11     | Killed a four-headed hydra
 14793 | D:11     | Reached skill level 8 in Dodging
 14798 | D:11     | Noticed a two-headed ogre
 14809 | D:11     | Killed a two-headed ogre
 14974 | D:11     | Reached skill level 9 in Dodging
 15113 | D:11     | Found a staircase to the Lair.
 15131 | D:11     | You pick up a book of Burglary and begin reading...
 15131 | D:11     | You add the spells Passwall, Ensorcelled Hibernation and
                  | Swiftness to your library.
 15516 | D:12     | Noticed a boulder beetle
 15779 | Lair:1   | Entered Level 1 of the Lair of Beasts
 16458 | Lair:2   | Reached skill level 10 in Dodging
 16635 | Lair:2   | Reached XP level 12. HP: 93/93 MP: 15/15
 16722 | Lair:2   | magus.rc [v1.9.6]
 16815 | Lair:2   | Reached skill level 11 in Dodging
 17275 | Lair:2   | Reached skill level 17 in Bows
 17347 | Lair:2   | Learned a level 3 spell: Swiftness
 17591 | Lair:2   | Reached skill level 1 in Air Magic
 17622 | Lair:2   | Noticed a six-headed hydra
 17636 | Lair:2   | Killed a six-headed hydra
 17637 | Lair:2   | Reached skill level 2 in Air Magic
 17934 | Lair:3   | Identified the +0 leather armour "Buq Pie" {Contam *Corrode
                  | Str+2 Dex+9}
 18000 | Lair:3   | Reached skill level 3 in Air Magic
 18433 | Lair:3   | Reached skill level 4 in Air Magic
 18545 | Lair:3   | Found a staircase to the Snake Pit.
 18816 | Lair:3   | Reached skill level 5 in Air Magic
 18855 | Lair:3   | Reached skill level 1 in Spellcasting
 19344 | Lair:3   | Reached skill level 2 in Spellcasting
 19354 | Lair:3   | Identified the amulet "Ximufye" {Regen+ rCorr}
 19738 | Lair:4   | Reached skill level 3 in Spellcasting
 19754 | Lair:4   | Noticed a seven-headed hydra
 19760 | Lair:4   | Reached XP level 13. HP: 88/100 MP: 21/21
 19888 | Lair:5   | Reached skill level 4 in Spellcasting
 19974 | Lair:4   | Reached skill level 5 in Spellcasting
 20230 | Lair:4   | Found a staircase to the Swamp.
 20821 | Lair:4   | You pick up a book of Maledictions and begin reading...
 20821 | Lair:4   | You add the spells Tukima's Dance, Anguish and Enfeeble to
                  | your library.
 20884 | Lair:4   | Reached skill level 18 in Bows
 21018 | Lair:4   | Learned a level 3 spell: Portal Projectile
 21599 | Lair:5   | Reached skill level 1 in Hexes
 21599 | Lair:5   | Reached skill level 1 in Translocations
 21754 | Lair:6   | Entered Level 6 of the Lair of Beasts
 22014 | Lair:6   | Found a staircase to the Slime Pits.
 22116 | Lair:6   | Reached skill level 2 in Hexes
 22116 | Lair:6   | Reached skill level 2 in Translocations
 22618 | Lair:6   | Reached skill level 3 in Hexes
 22618 | Lair:6   | Reached skill level 3 in Translocations
 23321 | Lair:6   | Reached XP level 14. HP: 34/106 MP: 18/25
 23729 | Lair:6   | Reached skill level 19 in Bows
 24198 | Lair:6   | Found a one-way gate to the infinite horrors of the Abyss.
 24348 | Lair:6   | You pick up a book of Unlife and begin reading...
 24348 | Lair:6   | You add the spells Animate Dead, Borgnjor's Vile Clutch and
                  | Death Channel to your library.
 24354 | Lair:6   | Learned a level 4 spell: Animate Dead
 24751 | D:12     | Reached skill level 1 in Necromancy
 25182 | D:12     | Reached skill level 2 in Necromancy
 25241 | D:12     | You pick up a book of Winter and begin reading...
 25241 | D:12     | You add the spells Ozocubu's Armour and Metabolic
                  | Englaciation to your library.
 25678 | D:13     | Reached skill level 3 in Necromancy
 25703 | D:13     | Noticed Jorgrun
 25728 | D:13     | HP: 18/106 [constriction (16)]
 25739 | D:13     | HP: 12/106 [constriction (13)]
 25741 | D:13     | Killed Jorgrun
 26050 | D:13     | You pick up a book of Air and begin reading...
 26050 | D:13     | You add the spells Shock and Airstrike to your library.
 26169 | D:13     | Found a runed translucent door.
 26232 | D:13     | Noticed Rupert
 26907 | D:13     | Reached skill level 20 in Bows
 27167 | D:13     | Found Xosmueje's Jewellery Emporium.
 27610 | D:13     | HP: 21/98 [orc knight/+0 bardiche (24)]
 28161 | D:13     | Found a gate to the Vaults.
 28389 | D:13     | Killed Rupert
 28440 | D:13     | Noticed SirDiesAlot's ghost (journeyman DEAE)
 28606 | D:14     | You pick up a book of Decay and begin reading...
 28606 | D:14     | You add the spells Corpse Rot and Dispel Undead to your
                  | library.
 28661 | D:14     | Reached skill level 12 in Dodging
 28990 | D:14     | Identified the +0 fire dragon scales of Usaruom {rF++ rC-
                  | rCorr Int+4}
 28998 | D:14     | Gained mutation: You tend to lose your temper in combat.
                  | [mutagenic glow]
 29193 | D:14     | Noticed Snorg
 29215 | D:14     | HP: 9/106 [Snorg (24)]
 29218 | D:14     | Killed Snorg
 29858 | D:15     | Entered Level 15 of the Dungeon
 30185 | D:15     | Reached skill level 4 in Necromancy
 31283 | D:15     | Reached skill level 5 in Necromancy
 31292 | D:15     | Reached XP level 15. HP: 101/113 MP: 26/26
 31388 | D:15     | You pick up a book of Chaos and begin reading...
 31388 | D:15     | You add the spells Disjunction and Discord to your library.
 31543 | D:15     | HP: 16/113 [ice dragon/blast of cold (30)]
 31971 | D:15     | Found a staircase to the Depths.
 32557 | Orc:1    | Entered Level 1 of the Orcish Mines
 32558 | Orc:1    | Noticed Josephine
 32558 | Orc:1    | Noticed Fannar
 32569 | Orc:1    | Killed Josephine
 32572 | Orc:1    | Reached skill level 13 in Dodging
 32579 | Orc:1    | Killed Fannar
 33050 | Orc:2    | Entered Level 2 of the Orcish Mines
 33121 | Orc:2    | Found a staircase to the Elven Halls.
 33563 | Orc:2    | Found Qivyef's Jewellery Shoppe.
 33679 | Elf:1    | Entered Level 1 of the Elven Halls
 33730 | Orc:2    | Found a frozen archway.
 33747 | IceCv    | Entered an ice cave
 34297 | IceCv    | You pick up a book of Ice and begin reading...
 34807 | Orc:2    | Found Puplaqi's Book Shop.
 34916 | Orc:2    | Reached skill level 14 in Dodging
 35860 | Orc:2    | Found Havaup's Antique Weapon Emporium.
 35862 | Orc:2    | Found Hac Josy's Antique Armour Shoppe.
 37113 | Elf:1    | Reached skill level 15 in Dodging
 37452 | Elf:1    | Found Iporomorat's Magic Scroll Emporium.
 37461 | Elf:1    | Bought a scroll of brand weapon for 320 gold pieces
 37847 | Elf:1    | You fall into a shaft and drop 1 floor!
 38174 | Elf:1    | Reached skill level 16 in Dodging
 38395 | Elf:1    | Reached skill level 2 in Fighting
 38823 | Elf:2    | Reached skill level 3 in Fighting
 39435 | D:13     | Bought the amulet of Gaphasyaqo {Regen+ Str-3 Slay+2 SInv}
                  | for 606 gold pieces
 39632 | Elf:2    | Reached skill level 4 in Fighting
 39648 | Elf:2    | Found a runed translucent gate.
 39648 | Elf:2    | Found a runed translucent gate.
 39648 | Elf:2    | Found a runed translucent gate.
 39754 | Elf:2    | Reached skill level 5 in Fighting
 39766 | Elf:2    | Reached XP level 16. HP: 88/130 MP: 27/27
 39927 | Elf:2    | Found a runed translucent gate.
 39927 | Elf:2    | Noticed drugrobin's ghost (adept DgWr)
 39934 | Elf:2    | Found a runed translucent gate.
 39934 | Elf:2    | Found a runed translucent gate.
 40006 | Elf:2    | Found Xotuhode's Antique Weapon Boutique.
 40274 | Elf:3    | Entered Level 3 of the Elven Halls
 40456 | Elf:3    | Noticed a Tzitzimitl
 40569 | Elf:2    | Reached skill level 6 in Fighting
 41050 | Elf:3    | Found Viyklur's Antique Weapon Emporium.
 41212 | Elf:3    | Identified the +1 flail "Tecakis" {flame, rElec rF+ Int+4}
 41333 | Elf:3    | Reached skill level 7 in Fighting
 41536 | Elf:3    | Noticed a deep elf master archer
 41542 | Elf:3    | Killed a deep elf master archer
 41639 | Elf:3    | You pick up a book of Geomancy and begin reading...
 41639 | Elf:3    | You add the spells Sandblast and Stone Arrow to your
                  | library.
 41646 | Elf:3    | You add the spells Beastly Appendage, Blade Hands and
                  | Alistair's Intoxication to your library.
 41646 | Elf:3    | Got the Guide on the Mutagenic Entourage
 41651 | Elf:3    | Noticed a deep elf master archer
 41661 | Elf:3    | Killed a deep elf master archer
 41772 | Elf:3    | Identified the amulet "Cauryuhu" {-Cast rC+ Will++ Regen+}
 41778 | Elf:3    | Reached skill level 8 in Fighting
 41821 | Elf:3    | Identified the amulet "Uliunec" {Acrobat Fly Will+ Regen+}
 41851 | Elf:3    | Noticed a Hell Sentinel
 41854 | Elf:3    | Noticed a Brimstone Fiend
 42047 | Elf:3    | a deep elf sorcerer comes into view. It is wielding the +10
                  | zealot's sword {holy, *Rage rN+ EV+3}.
 42049 | Elf:3    | Aim: a deep elf sorcerer, wielding the +10 zealot's sword
                  | {holy, *Rage rN+ EV+3} (fast, 75% to hit)
 42049 | Elf:3    | Aim: a deep elf sorcerer, wielding the +10 zealot's sword
                  | {holy, *Rage rN+ EV+3} (fast, 75% to hit)
 42050 | Elf:3    | Aim: a deep elf sorcerer, wielding the +10 zealot's sword
                  | {holy, *Rage rN+ EV+3} (fast, 75% to hit)
 42050 | Elf:3    | Aim: a deep elf sorcerer, wielding the +10 zealot's sword
                  | {holy, *Rage rN+ EV+3} (fast, 75% to hit)
 42051 | Elf:3    | Aim: a deep elf sorcerer, wielding the +10 zealot's sword
                  | {holy, *Rage rN+ EV+3} (heavily wounded, fast, 75% to hit)
 42051 | Elf:3    | Aim: a deep elf sorcerer, wielding the +10 zealot's sword
                  | {holy, *Rage rN+ EV+3} (heavily wounded, fast, 75% to hit)
 42052 | Elf:3    | Aim: a deep elf sorcerer, wielding the +10 zealot's sword
                  | {holy, *Rage rN+ EV+3} (almost dead, fast, 75% to hit)
 42052 | Elf:3    | Aim: a deep elf sorcerer, wielding the +10 zealot's sword
                  | {holy, *Rage rN+ EV+3} (almost dead, fast, 75% to hit)
 42262 | Elf:3    | Reached skill level 9 in Fighting
 42403 | Elf:3    | You pick up a book of Spatial Translocations and begin
                  | reading...
 42403 | Elf:3    | You add the spells Blink, Lesser Beckoning and Manifold
                  | Assault to your library.
 42424 | Elf:3    | You pick up a book of Frost and begin reading...
 42424 | Elf:3    | You add the spells Freeze, Frozen Ramparts and Hailstorm to
                  | your library.
 42460 | Elf:3    | You pick up a book of Power and begin reading...
 42460 | Elf:3    | You add the spells Iron Shot and Spellforged Servitor to
                  | your library.
 43097 | Snake:1  | Entered Level 1 of the Snake Pit
 43224 | Snake:1  | You pick up a book of Conjurations {@e2} and begin
                  | reading...
 43224 | Snake:1  | You add the spells Magic Dart, Searing Ray and Fulminant
                  | Prism to your library.
 43232 | Snake:1  | Learned a level 6 spell: Death Channel
 43330 | Snake:1  | You pick up a book of Fire and begin reading...
 43330 | Snake:1  | You add the spells Starburst and Ignition to your library.
 43650 | D:13     | Killed SirDiesAlot's ghost
 43875 | Swamp:1  | Entered Level 1 of the Swamp
 43875 | Swamp:1  | Noticed Mlioglotl
 43883 | Swamp:1  | Noticed a tentacled starspawn
 43884 | Swamp:1  | Killed Mlioglotl
 43897 | Swamp:2  | Reached skill level 10 in Fighting
 44180 | Snake:2  | Reached skill level 6 in Necromancy
 44414 | Snake:2  | Reached skill level 7 in Necromancy
 44770 | Snake:2  | Reached skill level 8 in Necromancy
 44770 | Snake:2  | Reached XP level 17. HP: 154/154 MP: 28/28
 45208 | Snake:2  | Reached skill level 4 in Hexes
 45210 | Snake:2  | Reached skill level 4 in Translocations
 45582 | Snake:3  | Noticed Mara
 45595 | Snake:3  | Killed Mara
 45776 | Snake:3  | You pick up a book of Vapours and begin reading...
 45862 | Snake:3  | Found Gehaomih's General Store.
 45871 | Snake:3  | Found Giuruin's Jewellery Boutique.
 45889 | Snake:3  | Noticed Caonejir's ghost (adept TrHu)
 45919 | Snake:3  | Found a runed translucent gate.
 45920 | Snake:3  | Found a runed translucent gate.
 45921 | Snake:3  | Found a runed translucent gate.
 46074 | Snake:3  | Reached skill level 5 in Hexes
 46097 | Snake:3  | Reached skill level 5 in Translocations
 46180 | Snake:3  | Reached skill level 9 in Necromancy
 46931 | Snake:3  | Killed Caonejir's ghost
 47123 | Snake:4  | Entered Level 4 of the Snake Pit
 47132 | Snake:4  | Found a runed translucent door.
 47133 | Snake:4  | Noticed FizzleBang's ghost (adept OpDe)
 47229 | Snake:4  | You pick up a book of Winter and begin reading...
 47300 | Snake:4  | Reached skill level 6 in Hexes
 47300 | Snake:4  | Reached skill level 6 in Translocations
 47824 | Snake:4  | Reached skill level 10 in Necromancy
 47936 | Snake:4  | Reached skill level 7 in Hexes
 47936 | Snake:4  | Reached skill level 7 in Translocations
 48174 | Snake:4  | Got a serpentine rune of Zot
 48402 | Snake:4  | Identified the +1 leather armour of the Turtle {rPois rC-
                  | rN+++ Int-5}
 48924 | Swamp:1  | Learned a level 4 spell: Dispel Undead
 48927 | Swamp:1  | Learned a level 2 spell: Blink
 48979 | Swamp:1  | You pick up a book of Pain and begin reading...
 48979 | Swamp:1  | You add the spells Pain, Agony and Excruciating Wounds to
                  | your library.
 49110 | Swamp:1  | Reached skill level 11 in Necromancy
 49321 | Swamp:1  | Reached XP level 18. HP: 161/161 MP: 30/30
 49331 | Swamp:1  | Noticed Aizul
 49350 | Swamp:1  | Killed Aizul
 49591 | Swamp:1  | Learned a level 5 spell: Borgnjor's Vile Clutch
 49874 | Swamp:2  | Reached skill level 6 in Spellcasting
 50176 | Swamp:2  | Found Tecwola Latt's Island Escapes.
 50976 | Swamp:3  | Reached skill level 7 in Spellcasting
 51012 | Swamp:3  | Reached skill level 12 in Necromancy
 51373 | Swamp:3  | M - a +0 executioner's axe {axerare=g}
 51870 | Swamp:4  | Entered Level 4 of the Swamp
 52180 | Swamp:4  | HP: 40/161 [poison (poison gas)]
 52222 | Swamp:4  | Reached skill level 8 in Spellcasting
 52417 | Swamp:4  | Reached skill level 13 in Necromancy
 52687 | Swamp:4  | You pick up a book of Changes and begin reading...
 52687 | Swamp:4  | You add the spells Wereblood and Spider Form to your
                  | library.
 53006 | Swamp:4  | You drop a +0 executioner's axe {axerare=g}.
 53011 | Swamp:4  | M - a +0 executioner's axe {axerare=g}
 53050 | Swamp:4  | Got a decaying rune of Zot
 53365 | Vaults:1 | Entered Level 1 of the Vaults
 53570 | Vaults:1 | Got the Disquisition on Excruciating Stones
 53890 | Vaults:1 | Reached skill level 14 in Necromancy
 54629 | Vaults:1 | Reached XP level 19. HP: 145/169 MP: 13/36
 54840 | Vaults:2 | Reached skill level 15 in Necromancy
 55348 | Vaults:2 | Reached skill level 17 in Dodging
 55530 | Vaults:2 | Found Omaly's Antique Armour Boutique.
 55538 | Vaults:2 | Bought distressingly furry storm dragon scales for 2380
                  | gold pieces
 55538 | Vaults:2 | Identified the +1 storm dragon scales of Haunted Brilliance
                  | {rElec rN+ Stlth+} (You bought it in a shop on level 2 of
                  | the Vaults)
 55538 | Vaults:2 | N - the +1 storm dragon scales of Haunted Brilliance {rElec
                  | rN+ Stlth+, rare}
 55964 | Vaults:2 | Found a staircase to the Crypt.
 55969 | Vaults:2 | Noticed a bone dragon
 55981 | Vaults:2 | Killed a bone dragon
 56613 | Vaults:3 | HP: 42/171 [ironbound frostheart/creeping frost (39)]
 56619 | Vaults:3 | You are cast into the Abyss!
 56619 | Vaults:3 | Cast into level 2 of the Abyss (a wizard)
 57396 | Abyss:2  | Noticed a bone dragon
 57414 | Abyss:2  | Killed a bone dragon
 58471 | Vaults:3 | You pass through the gate.
 58471 | Vaults:3 | Escaped the Abyss
 58480 | Vaults:3 | HP: 22/169 [ironbound preserver/+0 great mace[a vault
                  | warden] (24)]
 58481 | Vaults:3 | Slain by a vault warden

Vanquished Creatures
  Mara (Snake:3)
  2 bone dragons
  Rupert (D:13)
  2 deep elf master archers (Elf:3)
  An Executioner (Abyss:2)
  A thorn hunter (Swamp:4)
  3 tentacled starspawn (Abyss:2)
  The ghost of Caonejir the Carver, an adept TrHu of Okawaru (Snake:3)
  5 nagarajas
  6 deep elf sorcerers (Elf:3)
  An orc warlord (Orc:2)
  6 vault wardens
  4 deep elf elementalists
  Aizul (Swamp:1)
  3 ghouls (Swamp:3)
  7 ironbound preservers
  2 very ugly things (Vaults:2)
  An ironbound thunderhulk (Vaults:2)
  3 deep elf demonologists (Elf:3)
  2 eleionomae
  An entropy weaver (Vaults:1)
  7 deep elf annihilators (Elf:3)
  A bunyip (Swamp:3)
  2 dire elephants
  2 green deaths (Abyss:2)
  A crystal guardian (Abyss:2)
  A deep elf death mage (Elf:3)
  Snorg (D:14)
  Josephine (Orc:1)
  Fannar (Orc:1)
  4 deep elf high priests (Elf:3)
  2 shambling mangroves
  2 rakshasas (Abyss:2)
  4 fire dragons
  15 hydras
  2 ice dragons
  15 naga warriors
  5 yaktaur captains
  2 catoblepae (D:15)
  3 boulder beetles
  4 salamander tyrants
  An ogre mage (D:13)
  3 ghost crabs
  An ironbound frostheart (Vaults:1)
  A juggernaut simulacrum (Abyss:2)
  7 vault guards
  4 centaur warriors
  The ghost of SirDiesAlot the Thaumaturge, a journeyman DEAE of Vehumet (D:13)
  12 anacondas
  8 alligators
  A hell hog (Abyss:2)
  5 two-headed ogres
  18 dancing weapons
  A tengu warrior (D:15)
  6 thrashing horrors
  An orc high priest (Orc:2)
  9 naga sharpshooters
  12 shock serpents
  10 deep elf knights
  4 wretched stars (Abyss:2)
  9 naga ritualists
  2 death drakes
  2 fire crabs (Swamp:4)
  6 goliath frogs
  3 spatial maelstroms (Abyss:2)
  5 starcursed masses (Abyss:2)
  A salamander mystic (Snake:2)
  2 spriggan druids
  4 deep elf archers
  8 lindwurms
  16 deep trolls
  10 bog bodies
  A bunyip skeleton (Abyss:2)
  3 ironbound convokers
  Pikel (D:9)
  5 harpies
  A necromancer (Abyss:2)
  A wizard (D:15)
  2 phantasmal warriors
  3 orc knights
  7 swamp dragons
  27 deep elf zephyrmancers
  19 deep elf pyromancers
  A shining eye (Abyss:2)
  3 cyclopes
  5 manticores
  A stone giant zombie (Abyss:2)
  8 will-o-the-wisps
  6 orc sorcerers
  5 mana vipers
  14 large abominations
  15 ugly things
  A glowing shapeshifter (Vaults:1)
  2 apocalypse crabs (Abyss:2)
  9 elephants
  Joseph (D:7)
  13 salamanders
  A faun (shapeshifter) (Vaults:3)
  5 vault sentinels
  20 naga magi
  33 black mambas
  3 guardian serpents
  A black mamba (shapeshifter) (Swamp:4)
  6 spectral spriggans (Swamp:3)
  9 smoke demons
  2 ice statues (IceCv)
  16 cane toads
  2 gargoyles (D:12)
  An unseen horror (D:12)
  13 yaktaurs
  2 freezing wraiths
  12 komodo dragons
  A kobold demonologist (D:6)
  3 ice devils
  A yaktaur (shapeshifter) (Elf:3)
  5 rime drakes
  2 hellwings (Abyss:2)
  5 trolls
  7 ancient zymes
  11 bloated husks
  3 meliai
  2 tyrant leeches
  12 hornets
  14 slime creatures
  5 polar bears
  35 blink frogs
  5 dream sheep (Lair:6)
  13 raiju (Abyss:2)
  3 shadows
  7 wraiths
  6 wyverns
  2 culicivoras (shapeshifter) (Abyss:2)
  5 ynoxinuls
  A basilisk (shapeshifter) (Vaults:2)
  7 spriggans
  6 water elementals
  A human (D:13)
  77 yaks
  6 neqoxecs (Abyss:2)
  A golden eye (shapeshifter) (Lair:6)
  5 fire elementals
  12 basilisks
  2 chaos spawn
  5 steam dragons
  4 wargs (Orc:2)
  3 spatial vortices (Abyss:2)
  14 vampire mosquitoes
  40 nagas
  13 water moccasins
  25 small abominations
  15 swamp worms
  A floating eye (shapeshifter) (D:14)
  An acid dragon (D:10)
  Duvessa (D:7)
  14 swamp drakes
  A black bear (Lair:5)
  27 orc warriors
  An ice beast (D:8)
  4 sky beasts
  7 ogres
  5 wolves (Lair:6)
  5 boggarts (Vaults:1)
  12 centaurs
  2 lemures (D:9)
  2 phantoms (D:4)
  4 kobold brigands
  13 bullfrogs
  A gnoll sergeant (D:11)
  A necrophage (D:5)
  A demonspawn simulacrum (Abyss:2)
  2 earth elementals
  2 scorpions (D:5)
  6 wights (D:8)
  Dowan (D:7)
  4 lindwurm simulacra (IceCv)
  11 killer bees
  A howler monkey (D:11)
  An electric eel (Lair:4)
  5 komodo dragon simulacra (IceCv)
  A quasit (Abyss:2)
  3 hounds
  3 jellies
  16 orc priests
  4 iguanas
  2 iron imps (Abyss:2)
  Terence (D:2)
  29 orc wizards
  Natasha (thrice) (D:4)
  6 hell rats
  Robin (D:2)
  5 acid dragon simulacra (IceCv)
  8 adders
  5 gnolls (D:11)
  A shadow imp (Abyss:2)
  5 white imps
  7 steam dragon simulacra (IceCv)
  5 ufetubi
  A worm (D:2)
  4 dart slugs
  83 orcs
  7 endoplasms
  4 giant cockroaches
  11 goblins
  9 hobgoblins
  2 jackals (D:1)
  3 quokkas
  8 ball pythons
  6 bats
  5 frilled lizards
  20 kobolds
  6 rats
  2 lurking horrors (Abyss:2)
  2 starspawn tentacles (Abyss:2)
1380 creatures vanquished.

Vanquished Creatures (collateral kills)
  Jorgrun (D:13)
  A nagaraja (Snake:4)
  A very ugly thing (Vaults:2)
  3 ironbound preservers (Vaults:1)
  3 dire elephants (Vaults:2)
  A vault guard (Vaults:1)
  A rakshasa (D:14)
  A ghost crab (Swamp:2)
  2 hydras (Swamp:4)
  A dancing weapon (Elf:3)
  A goliath frog (Swamp:2)
  4 deep trolls (Vaults:1)
  A spriggan druid (Swamp:4)
  A wizard (Vaults:1)
  3 swamp dragons
  A harpy (Vaults:2)
  An ugly thing (Vaults:2)
  A spectral spriggan (Swamp:3)
  A black mamba (Snake:3)
  3 yaktaurs (Vaults:2)
  A hornet (Swamp:2)
  A tyrant leech (Swamp:2)
  2 spriggans (Swamp:2)
  A vampire mosquito (Swamp:4)
  A naga (Snake:3)
  2 swamp drakes (Swamp:4)
  A black bear (shapeshifter) (Swamp:2)
41 creatures vanquished.

Vanquished Creatures (others)
  Mlioglotl (Swamp:1)
  2 deep elf pyromancers (Elf:1)
  A cane toad (Lair:6)
  2 spriggans (Swamp:2)
  A steam dragon (Swamp:4)
  2 swamp drakes (Swamp:4)
  2 small abominations (Abyss:2)
  An orc wizard (Orc:2)
  4 bushes
  4 foxfires
  56 fungi
  65 plants
  9 starspawn tentacles (Abyss:2)
150 creatures vanquished.

Grand Total: 1571 creatures vanquished

Table legend:
 A = Non-vault XP
 B = Vault XP
 C = Vault XP percentage of total XP
 D = Non-vault monster count
 E = Vault monster count
 F = Vault count percentage of total count
                 A         B        C        D         E       F
            +---------+---------+-------+---------+---------+-------
      Total |  294828 |  199826 |  40.4 |     973 |     446 |  31.4
            +---------+---------+-------+---------+---------+-------
        D:1 |      36 |       0 |   0.0 |      25 |       0 |   0.0
        D:2 |      70 |      73 |  51.0 |      21 |      14 |  40.0
        D:3 |      91 |       4 |   4.2 |      15 |       2 |  11.8
        D:4 |     995 |     130 |  11.6 |      25 |       7 |  21.9
        D:5 |    1551 |       0 |   0.0 |      19 |       0 |   0.0
        D:6 |    1310 |       0 |   0.0 |      22 |       0 |   0.0
        D:7 |    1016 |     693 |  40.6 |      17 |       3 |  15.0
        D:8 |    2292 |    1369 |  37.4 |      19 |       5 |  20.8
        D:9 |    3635 |     663 |  15.4 |      34 |       1 |   2.9
       D:10 |    3106 |     160 |   4.9 |      12 |       5 |  29.4
       D:11 |    4992 |       0 |   0.0 |      28 |       0 |   0.0
       D:12 |    5590 |       0 |   0.0 |      17 |       0 |   0.0
       D:13 |    6047 |   10981 |  64.5 |      15 |      13 |  46.4
       D:14 |    3035 |     909 |  23.0 |       9 |       1 |  10.0
       D:15 |   12634 |    1752 |  12.2 |      20 |       2 |   9.1
     Lair:1 |    1053 |     418 |  28.4 |       4 |       1 |  20.0
     Lair:2 |   13181 |       0 |   0.0 |      40 |       0 |   0.0
     Lair:3 |    6206 |     332 |   5.1 |      29 |       2 |   6.5
     Lair:4 |   12149 |    1185 |   8.9 |      38 |       7 |  15.6
     Lair:5 |    3886 |     441 |  10.2 |      18 |       4 |  18.2
     Lair:6 |   12579 |   11796 |  48.4 |      51 |      43 |  45.7
    Swamp:1 |   12281 |    4295 |  25.9 |      26 |       8 |  23.5
    Swamp:2 |   13805 |       0 |   0.0 |      35 |       0 |   0.0
    Swamp:3 |    9211 |   15162 |  62.2 |      18 |      24 |  57.1
    Swamp:4 |   11913 |   14791 |  55.4 |      22 |      28 |  56.0
    Snake:1 |    6723 |       0 |   0.0 |      13 |       0 |   0.0
    Snake:2 |   29003 |       0 |   0.0 |      55 |       0 |   0.0
    Snake:3 |   14067 |   14328 |  50.5 |      24 |      22 |  47.8
    Snake:4 |   13145 |   26629 |  67.0 |      25 |      41 |  62.1
      Orc:1 |     323 |    2415 |  88.2 |       6 |       5 |  45.5
      Orc:2 |    5205 |    8985 |  63.3 |      21 |      87 |  80.6
      Elf:1 |   12582 |   12970 |  50.8 |      22 |      19 |  46.3
      Elf:2 |   11471 |    2864 |  20.0 |      21 |       3 |  12.5
      Elf:3 |   13662 |   28042 |  67.2 |      23 |      26 |  53.1
   Vaults:1 |   14926 |   20428 |  57.8 |      25 |      30 |  54.5
   Vaults:2 |   31057 |    7604 |  19.7 |      48 |       8 |  14.3
   Vaults:3 |       0 |    6711 | 100.0 |       0 |       7 | 100.0
    Abyss:2 |       0 |       0 |   N/A |     111 |       0 |   0.0
      IceCv |       0 |    3696 | 100.0 |       0 |      28 | 100.0
            +---------+---------+-------+---------+---------+-------

Illustrated notes

Table legend:
 A = Kills in this place as a percentage of kills in entire the game.
 B = Kills by you in this place as a percentage of kills by you in the entire game.
 C = Kills by friends in this place as a percentage of kills by friends in the entire game.
 D = Other kills in this place as a percentage of other kills in the entire game.
 E = Experience gained in this place as a percentage of experience gained in the entire game.
 F = Experience gained in this place divided by the number of levels of this place that you have seen.
                   A       B       C       D       E      F
               +-------+-------+-------+-------+-------+----------------------
         Total | 100.0 | 100.0 | 100.0 | 100.0 | 100.0 | 12683.4
       Dungeon |  24.7 |  25.5 |   4.9 |   0.0 |  12.8 | 4208.9
          Lair |  16.7 |  17.2 |   0.0 |  12.5 |  12.8 | 10537.7
         Swamp |  11.3 |  10.4 |  41.5 |  25.0 |  16.5 | 20364.5
     Snake Pit |  12.7 |  12.8 |   7.3 |  25.0 |  21.0 | 25973.8
  Orcish Mines |   8.4 |   8.7 |   0.0 |   0.0 |   3.4 | 8464.0
   Elven Halls |   8.0 |   8.0 |   2.4 |  37.5 |  16.5 | 27197.0
        Vaults |   8.3 |   7.3 |  43.9 |   0.0 |  16.3 | 26908.7
         Abyss |   7.8 |   8.1 |   0.0 |   0.0 |   0.0 |   0.0
      Ice Cave |   2.0 |   2.0 |   0.0 |   0.0 |   0.7 | 3696.0
               +-------+-------+-------+-------+-------+----------------------

Table legend: (Time is in decaauts)
 A = Elapsed time spent in this place.
 B = Non-inter-level travel time spent in this place.
 C = Inter-level travel time spent in this place.
 D = Time resting spent in this place.
 E = Time spent auto-exploring this place.
 F = Levels seen in this place.
 G = Mean time per level.
                   A        B        C        D        E       F      G
               +--------+--------+--------+--------+--------+-----+--------+
         Total |  57765 |  53652 |   4113 |  16296 |  29096 |  39 | 1481.2 |
       Dungeon |  24328 |  22213 |   2115 |   7768 |  11668 |  15 | 1621.9 |
          Lair |   9200 |   8331 |    869 |   1670 |   5409 |   6 | 1533.3 |
         Swamp |   4552 |   4348 |    204 |   1044 |   2584 |   4 | 1138.0 |
     Snake Pit |   4828 |   4604 |    224 |    787 |   2825 |   4 | 1207.0 |
  Orcish Mines |   3489 |   3229 |    260 |   1760 |   1004 |   2 | 1744.5 |
   Elven Halls |   5584 |   5232 |    352 |   2196 |   2067 |   3 | 1861.3 |
        Vaults |   3209 |   3123 |     86 |    120 |   2492 |   3 | 1069.7 |
         Abyss |   1767 |   1767 |      0 |    522 |    830 |   1 | 1767.0 |
      Ice Cave |    805 |    805 |      0 |    426 |    216 |   1 |  805.0 |
               +--------+--------+--------+--------+--------+-----+--------+

Top non-repeatable levels by time:
   Orc:2: 3148 daAuts
    D:13: 3139 daAuts
  Lair:6: 2710 daAuts
     D:4: 2304 daAuts
    D:15: 2111 daAuts
  Lair:3: 2098 daAuts
   Elf:3: 2092 daAuts
   Elf:1: 1836 daAuts
     D:8: 1779 daAuts
     D:5: 1769 daAuts
 Abyss:2: 1767 daAuts
    D:11: 1691 daAuts
Vaults:2: 1666 daAuts
 Snake:3: 1659 daAuts
   Elf:2: 1654 daAuts
